 Dungeon Crawl Stone Soup version 0.29.1-2-gbd0b4ee654 (webtiles) character file.

Game seed: 2940821864386984374

11 inkworks the Trooper (level 2, -1/27 HPs)
             Began as a Draconian Berserker on Nov 13, 2022.
             Was a Follower of Trog.
             Killed by nerve-wracking pain
             ... invoked by Grinder
              (3 damage)
             ... on level 4 of the Dungeon.
             The game lasted 00:11:15 (560 turns).

inkworks the Trooper (Draconian Berserker)           Turns: 560, Time: 00:11:16

Health: -1/27      AC:  4    Str: 19    XL:     2   Next: 17%
Magic:  2/2        EV: 12    Int:  7    God:    Trog [*.....]
Gold:   41         SH:  0    Dex: 10    Spells: 1/1 levels left

rFire   . . .      SeeInvis +   a - +0 falchion
rCold   . . .      Faith    .   (no shield)
rNeg    . . .      Spirit   .   (body armour unavailable)
rPois   .          Reflect  .   (helmet restricted)
rElec   .          Harm     .   (no cloak)
rCorr   .          Rampage  .   (no gloves)
Will    .....                   (no boots)
Stlth   +.........              (no amulet)
HPRegen 0.09/turn               f - ring of see invisible
MPRegen 0.08/turn               (no ring)

@: no status effects
A: AC +4, unfitting armour, cold-blooded
a: Renounce Religion, Berserk


You were on level 4 of the Dungeon.
You worshipped Trog.
Trog was aware of your devotion.
You visited 1 branch of the dungeon, and saw 4 of its levels.

You collected 41 gold pieces.

Inventory:

Hand Weapons
 a - a +0 falchion (weapon)
 b - a +0 club
 p - a +0 long sword
Missiles
 i - 4 poisoned darts (quivered)
Armour
 d - a +0 robe
 h - a +0 chain mail
 m - a +0 buckler
 n - a +2 pair of gloves of strength
Magical Staves
 e - a staff of air
Jewellery
 f - a ring of see invisible (left hand)
Scrolls
 c - a scroll of enchant weapon {unknown}
 g - a scroll of brand weapon {unknown}
 k - 2 scrolls of identify {unknown}
 l - a scroll of fog {unknown}
 o - a scroll of poison {unknown}
Potions
 j - a potion of magic {unknown}


   Skills:
 + Level 3.6 Fighting
 + Level 3.1 Long Blades
 + Level 2.9 Dodging


You had one spell level left.
You didn't know any spells.
Your spell library was empty.

Dungeon Overview and Level Annotations

Branches:
Dungeon (4/15)
 Temple: D:4-7

Altars:

Annotations:
D:4 Grinder


Innate Abilities, Weirdness & Mutations

Your plain brown scales are hard. (AC +4)
You cannot fit into any form of body armour.
You are cold-blooded and may be slowed by cold attacks.


Message History

Unknown command.
Grinder comes into view.
Grinder gestures at you. Pain shoots through your body!
Ouch! That really hurt!
Grinder closely misses you. Grinder barely misses you.
You barely miss Grinder.
Your tail-slap misses Grinder.
Grinder blinks!
Grinder hits you. Grinder closely misses you.
You closely miss Grinder. You tail-slap Grinder.
Grinder is lightly wounded.
Grinder blinks!
Grinder says, "Tell me all your secrets, or I'll kill you."
Grinder barely misses you.
You hit Grinder.
Grinder is lightly wounded.
Grinder closely misses you.
You hit Grinder.
Grinder is lightly wounded.
Grinder gestures at you. Pain shoots through your body!
* * * LOW HITPOINT WARNING * * *
You hit Grinder.
Grinder is moderately wounded.
Grinder hits you but does no damage.
You slash Grinder! You tail-slap Grinder.
Grinder is heavily wounded.
Grinder gestures at you.
You struggle to resist.
You closely miss Grinder.
You tail-slap Grinder, but do no damage.
Grinder is heavily wounded.
Grinder hits you.
* * * LOW HITPOINT WARNING * * *
You closely miss Grinder. You tail-slap Grinder.
Grinder is heavily wounded.
Grinder gestures at you. Pain shoots through your body!
You die...

#.####..###.#.#
...#####....<#
........>..#.#
#
..#####.#.#.#.#
#.#.#.#.#
#.#.#...#
#####.#...###.#
#.............#
#.###..@##.####
#.$..5#
#####....
....... ####...
#.. #. #.


You could see Grinder.

Vanquished Creatures
  A ball python (D:3)
  2 endoplasms (D:2)
  A goblin (D:1)
  A hobgoblin (D:1)
  A quokka (D:1)
  A bat (D:3)
  3 frilled lizards
  A kobold (D:1)
11 creatures vanquished.

Notes
Turn   | Place    | Note
-------+----------+-------------------------------------------
     0 | D:1      | inkworks the Draconian Berserker began the quest for the
                  | Orb.
     0 | D:1      | Reached XP level 1. HP: 19/19 MP: 1/1
   256 | D:2      | Found a faded altar of an unknown god.
   266 | D:2      | Reached XP level 2. HP: 24/26 MP: 2/2
   527 | D:3      | You fall into a shaft and drop 1 floor!
   546 | D:4      | Noticed Grinder
   560 | D:4      | Killed from afar by Grinder

Illustrated notes

Levels and vault maps discovered:
D:1:      psy_arrival_terrarium, layout_loops_ring, grunt_decor_cap
D:2:      layout_loops_ring, hellmonk_ecumenical_altar_blasted, basic_altar
D:3:      layout_basic
D:4:      layout_basic, minmay_temple_entry_sparse_star, kennysheep_crisscross,
          uniq_natasha, uniq_edmund, uniq_grinder

Action                   || total
-------------------------++-------
Melee: Falchion          ||    42
       Tailslap          ||    10
 Stab: Sleeping          ||     2
Armor: Skin              ||     8
Dodge: Dodged            ||    26
